 Dungeon Crawl Stone Soup version 0.27-a0-1591-gc56fcc985a (webtiles) character file.

Game seed: 13036045307455327624

2594 Gwenloh the Destroyer (level 9, -10/62 HPs)
             Began as a White Draconian Conjurer on July 19, 2021.
             Was an Initiate of Vehumet.
             Mangled by Harold (17 damage)
             ... on level 7 of the Dungeon.
             The game lasted 00:27:25 (9659 turns).

Gwenloh the Destroyer (White Draconian Conjurer)    Turns: 9659, Time: 00:27:26

Health: -10/62     AC:  9    Str: 10    XL:     9   Next: 33%
Magic:  2/20       EV:  6    Int: 21    God:    Vehumet [......]
Gold:   268        SH:  0    Dex: 10    Spells: 9/23 levels left

rFire    . . .     SeeInvis .   n - +1 mace (drain)
rCold    + . .     Faith    +   (no shield)
rNeg     . . .     Spirit   .   (armour unavailable)
rPois    .         Reflect  .   f - +1 hat
rElec    .         Harm     .   (no cloak)
rCorr    .         Rampage  .   m - +0 pair of gloves
Will     .....                  (no boots)
Stlth    ++........             a - amulet of faith
HPRegen  0.20/turn              (no ring)
MPRegen  0.17/turn              (no ring)

@: short of breath, held
A: breathe frost, AC +7, unfitting armour, cold resistance 1, cold-blooded
a: Breathe Frost, Renounce Religion


You were on level 7 of the Dungeon.
You worshipped Vehumet.
Vehumet was noncommittal.
You visited 2 branches of the dungeon, and saw 8 of its levels.
You also visited: Sewer.

You collected 268 gold pieces.

Inventory:

Hand Weapons
 b - a +0 dagger
 n - a +1 mace of draining (weapon)
Missiles
 t - 2 throwing nets
Armour
 f - a +1 hat (worn)
 m - a +0 pair of gloves (worn)
 v - a +0 buckler
Jewellery
 a - an amulet of faith (around neck)
Wands
 i - a wand of polymorph (9)
 l - a wand of iceblast (21)
 s - a wand of flame (16)
Scrolls
 c - 5 scrolls of teleportation {unknown}
 d - 5 scrolls of identify {unknown}
 e - 2 scrolls of vulnerability {unknown}
 p - a scroll of noise {unknown}
 q - a scroll of holy word {unknown}
 u - a scroll of enchant armour {unknown}
Potions
 g - a potion of haste {unknown}
 h - 4 potions of curing
 j - 3 potions of flight
 k - 3 potions of heal wounds
 o - 2 potions of attraction {unknown}
 r - a potion of might {unknown}


   Skills:
 - Level 1.7 Dodging
 - Level 1.7 Stealth
 + Level 7.5 Spellcasting
 + Level 9.9 Conjurations
 - Level 3.0 Hexes
 + Level 1.8 Translocations


You had 9 spell levels left.
You knew the following spells:

 Your Spells              Type           Power      Damage    Failure   Level
a - Magic Dart            Conj           100%       1d8       1%          1
b - Searing Ray           Conj           98%        3d7       1%          2
c - Dazzling Flash        Conj/Hex       70%        N/A       1%          3
d - Fulminant Prism       Conj/Hex       17%        3d11      6%          4
e - Iskenderun's Mystic   Conj/Tloc      32%        2d8       8%          4

Your spell library contained the following spells:

 Spells                   Type           Power      Damage    Failure   Level
 Portal Projectile        Hex/Tloc       36%        N/A       10%         3
 Call Canine Familiar     Summ           7%         N/A       26%         3
 Leda's Liquefaction      Hex/Erth       7%         N/A       41%         4


Dungeon Overview and Level Annotations

Branches:
Dungeon (7/15)             Temple (1/1) D:7           Sewer (visited)

Altars:
Ashenzari
Cheibriados
Dithmenos
Elyvilon
Gozag
Hepliaklqana
Kikubaaqudgha
Makhleb
Nemelex Xobeh
Okawaru
Qazlal
Ru
Uskayaw
Vehumet
Wu Jian
Xom
Yredelemnul
The Shining One

Shops:
D:1 (   D:6 (

Annotations:
D:7 Harold


Innate Abilities, Weirdness & Mutations

You can breathe waves of freezing cold which knock back foes.
Your icy white scales are hard. (AC +7)
You cannot fit into any form of body armour.
Your flesh is cold resistant. (rC+)
You are cold-blooded and may be slowed by cold attacks.


Message History

The searing ray hits Harold!
Harold is heavily wounded.
Harold barely misses you. The orc completely misses you.
The searing ray hits Harold!
Harold is heavily wounded.
You finish channeling your searing ray.
Harold hits you with a +0 long sword!! The orc hits you but does no damage.
Harold hits you with a +0 long sword! The orc hits you but does no damage.
Casting: Searing Ray (safe; 1% risk of failure)
Confirm with . or Enter, or press ? or * to list all spells.
Aiming: Searing Ray (safe; 1% risk of failure)
Press: ? - help, Shift-Dir - straight line, f/p - Harold
Aim: Harold, wielding a +0 long sword, wearing a +0 scale mail and quivering 3 throwing nets (heavily wounded, 90% to hit)
Okay, then.
Casting: Searing Ray (safe; 1% risk of failure)
Confirm with . or Enter, or press ? or * to list all spells.
The orc is dazzled.
Harold is dazzled.
Harold hits you with a +0 long sword!!
* * * LOW HITPOINT WARNING * * *
The orc hits you with a +0 short sword.
* * * LOW HITPOINT WARNING * * *
Unknown command.
Casting: Dazzling Flash (safe; 1% risk of failure)
Confirm with . or Enter, or press ? or * to list all spells.
Aiming: Searing Ray (safe; 1% risk of failure)
Press: ? - help, Shift-Dir - straight line, f/p - Harold
Aim: Harold, wielding a +0 long sword, wearing a +0 scale mail and quivering 3 throwing nets (heavily wounded, blind, 90% to hit)
The searing ray hits Harold!
Harold is severely wounded. (Press . to maintain the ray.) Harold drinks a potion.
Harold is healed!
The orc barely misses you.
The searing ray hits Harold.
Harold is moderately wounded.
Harold asks, "Do you mind if I name my boat the 'Gwenloh'?
Your head will be paying for it, after all."
Harold hits you with a +0 long sword.
* * * LOW HITPOINT WARNING * * *
The orc closely misses you.
The searing ray hits Harold!
Harold is heavily wounded.
Harold hits you with a +0 long sword!
You die...

.............###....##.#
.............##.......# .
............###...#.. ..
#..#...##...##..## ...
#..### ##..#...## ....
#..####...#....#.. .....
##.......#.........
..#...#..>†..#...........
.)..)..o@...#............
....)..@##.##............
.##....#####.............
....... #......#.......
......# .......###......
....#. ...###### ......
....## .@.. ..... #.. .>.


You could see Harold (blind) and an orc (blind).

Vanquished Creatures
  Pikel (D:5)
  Grinder (D:3)
  Eustachio (D:5)
  Edmund (D:6)
  Menkaure (D:5)
  A water moccasin (D:7)
  A sky beast (D:7)
  2 ogres
  A kobold brigand (Sewer)
  4 lemures (D:5)
  A scorpion (D:5)
  A water moccasin zombie (D:5)
  A jelly (D:6)
  6 orc priests
  5 hounds
  A bullfrog skeleton (D:5)
  3 iguanas
  Natasha (twice) (D:3)
  6 orc wizards
  A hound skeleton (D:4)
  Robin (D:2)
  6 gnolls
  8 adders
  2 river rats (Sewer)
  A shadow imp (D:7)
  2 white imps
  2 ufetubi
  A worm (D:2)
  7 dart slugs
  31 orcs
  7 ball pythons
  9 endoplasms
  7 giant cockroaches
  10 goblins
  14 hobgoblins
  7 jackals
  8 quokkas
  4 bats
  A frilled lizard (D:2)
  9 kobolds
  6 rats
184 creatures vanquished.

Vanquished Creatures (others)
  2 fulminant prisms
2 creatures vanquished.

Grand Total: 186 creatures vanquished

Notes
Turn   | Place    | Note
-------+----------+-------------------------------------------
     0 | D:1      | Gwenloh the Draconian Conjurer began the quest for the Orb.
     0 | D:1      | Reached XP level 1. HP: 14/14 MP: 3/3
   459 | D:1      | Reached XP level 2. HP: 19/20 MP: 1/5
   505 | D:1      | Learned a level 2 spell: Searing Ray
   675 | D:1      | Found a faded altar of an unknown god.
  1235 | D:1      | Reached XP level 3. HP: 26/26 MP: 3/6
  1328 | D:1      | Found Jokag's Antique Weapon Shop.
  1695 | D:2      | Noticed Robin
  1864 | D:2      | Reached skill level 5 in Conjurations
  2173 | D:2      | Killed Robin
  2174 | D:2      | Reached XP level 4. HP: 33/33 MP: 1/8
  2720 | D:2      | Found an iron altar of Okawaru.
  3256 | D:3      | Noticed Natasha
  3256 | D:3      | Noticed Grinder
  3371 | D:3      | Reached XP level 5. HP: 38/38 MP: 0/9
  3662 | D:3      | Found a glowing drain.
  3676 | Sewer    | Entered a sewer
  3744 | Sewer    | Reached skill level 6 in Conjurations
  4141 | Sewer    | Found a glowing silver altar of Zin.
  4304 | D:3      | Killed Natasha
  4305 | D:3      | Reached XP level 6. HP: 43/45 MP: 7/11
  4350 | D:3      | Killed Grinder
  4351 | D:3      | Reached skill level 7 in Conjurations
  4355 | D:3      | Learned a level 3 spell: Dazzling Flash
  4360 | D:3      | Learned a level 4 spell: Fulminant Prism
  4522 | D:3      | Noticed Natasha
  4526 | D:3      | Killed Natasha
  4623 | D:3      | Your scales start taking on an icy white colour.
  4623 | D:3      | Reached XP level 7. HP: 50/50 MP: 10/13
  4623 | D:3      | Gained mutation: Your flesh is cold resistant. (rC+) [White
                  | Draconian growth]
  4773 | D:3      | Learned a level 4 spell: Iskenderun's Mystic Blast
  4968 | D:4      | Reached skill level 1 in Hexes
  6224 | D:5      | Entered Level 5 of the Dungeon
  6224 | D:5      | Noticed Menkaure
  6309 | D:5      | Killed Menkaure
  6310 | D:5      | Reached skill level 5 in Spellcasting
  6535 | D:5      | Noticed Eustachio
  6549 | D:5      | Killed Eustachio
  6550 | D:5      | Reached skill level 8 in Conjurations
  6550 | D:5      | Reached XP level 8. HP: 57/57 MP: 0/16
  6669 | D:5      | Found a sparkling altar of Nemelex Xobeh.
  7203 | D:5      | Noticed Pikel
  7498 | D:5      | Killed Pikel
  7499 | D:5      | Reached skill level 9 in Conjurations
  7719 | D:6      | Found Miam's Antique Weapon Emporium.
  7761 | D:6      | Noticed Edmund
  7780 | D:6      | Killed Edmund
  7781 | D:6      | Reached XP level 9. HP: 37/62 MP: 7/19
  8643 | D:6      | Found a sacrificial altar of Ru.
  9224 | D:7      | Reached skill level 1 in Translocations
  9426 | D:7      | Found a staircase to the Ecumenical Temple.
  9426 | D:7      | Noticed Harold
  9437 | Temple   | Entered the Ecumenical Temple
  9621 | Temple   | Became a worshipper of Vehumet
  9659 | D:7      | Mangled by Harold

Illustrated notes

Levels and vault maps discovered:
D:1:      lightli_arrival_chessboard, layout_loops_ring, serial_shops, shop,
          hellmonk_ecumenical_altar_arch_garden
D:2:      layout_loops_ring, basic_altar, chequers_arboretum,
          grunt_decor_clamped, uniq_robin
D:3:      cheibrodos_pilgrimage, layout_basic, portal_sewer_entry_f,
          uniq_natasha, uniq_grinder
D:4:      layout_basic
D:5:      layout_cave_pools, mainiacjoe_overflow_small_starburst, uniq_menkaure,
          uniq_eustachio, uniq_pikel
D:6:      layout_loops_ring, nicolae_ru_path_of_blood, serial_shops, shop,
          uniq_edmund
D:7:      layout_cave_pools, mainiacjoe_overflow_concentric_impassable,
          minmay_temple_entry_wispy, uniq_harold
Temple:   eino_temple_scatter_basement

Skill      XL: |  1  2  3  4  5  6  7  8  9 |
---------------+----------------------------+-----
Conjurations   | 5 6 7 8 9 |  9.9
Spellcasting   | 3 4 5 7 |  7.5
Hexes          | 3 |  3.0
Translocations | 1 |  1.8
Dodging        | |  1.7
Stealth        | |  1.7

Action                   |  1- 3 |  4- 6 |  7- 9 || total
-------------------------+-------+-------+-------++-------
Melee: Unarmed           |     4 |       |       ||     4
       Dagger            |     8 |    10 |       ||    18
       Tailslap          |       |     2 |     2 ||     4
       Mace              |       |    12 |    23 ||    35
 Cast: Magic Dart        |    78 |    85 |   189 ||   352
       Searing Ray       |     5 |     8 |    31 ||    44
       Fulminant Prism   |       |       |     2 ||     2
       Dazzling Flash    |       |       |     1 ||     1
 Abil: Breathe Frost     |       |       |    23 ||    23
 Stab: Sleeping          |       |     1 |       ||     1
Armor: Skin              |     5 |    14 |    14 ||    33
Dodge: Dodged            |    12 |    32 |    29 ||    73

Table legend: (Time is in decaauts)
 A = Elapsed time spent in this place.
 B = Non-inter-level travel time spent in this place.
 C = Inter-level travel time spent in this place.
 D = Time resting spent in this place.
 E = Time spent auto-exploring this place.
 F = Levels seen in this place.
 G = Mean time per level.
                   A        B        C        D        E       F      G
               +--------+--------+--------+--------+--------+-----+--------+
         Total |   9746 |   9332 |    414 |   2080 |   5900 |   9 | 1082.9 |
       Dungeon |   9000 |   8608 |    392 |   1753 |   5590 |   7 | 1285.7 |
        Temple |    197 |    175 |     22 |     19 |    154 |   1 |  197.0 |
         Sewer |    548 |    548 |      0 |    308 |    155 |   1 |  548.0 |
               +--------+--------+--------+--------+--------+-----+--------+

Top non-repeatable levels by time:
     D:2: 1729 daAuts
     D:4: 1666 daAuts
     D:1: 1634 daAuts
     D:6: 1431 daAuts
     D:5: 1133 daAuts
     D:3: 1027 daAuts
   Sewer: 548 daAuts
     D:7: 377 daAuts
  Temple: 197 daAuts
